 Dungeon Crawl Stone Soup version 0.20-a0-723-gf57855b (webtiles) character file.

249 Laan the Quickloader (level 6, -4/35 HPs)
             Began as a Kobold Hunter on Feb 22, 2017.
             Slain by a worm (8 damage)
             ... on level 3 of the Dungeon.
             The game lasted 00:03:31 (2263 turns).

Laan the Quickloader (Kobold Hunter)                Turns: 2263, Time: 00:03:32

Health: -4/35      AC: 10    Str: 10    XL:     6   Next: 34%
Magic:  6/6        EV:  3    Int: 12    God:
Gold:   169        SH:  0    Dex: 17    Spells: 5/5 levels left

rFire    + + .     SeeInvis .   b - +0 short sword
rCold    . . .     Gourm    .   g - +0 plate armour (curse)
rNeg     . . .     Faith    .   (shield restricted)
rPois    .         Spirit   .   (no helmet)
rElec    .         Reflect  .   (no cloak)
rCorr    .         Harm     .   (no gloves)
MR       .....                  (no boots)
Stlth    ..........             (no amulet)
Regen    0.2/turn               n - ring of protection from fire
MPRegen  0.1/turn               j - ring of protection from fire

@: no status effects
A: carnivore 3
a: no special abilities


You were on level 3 of the Dungeon.
You were very full.

You visited 1 branch of the dungeon, and saw 3 of its levels.

You collected 169 gold pieces.

Inventory:

Hand Weapons
 a - a +1 hand crossbow
 b - a +0 short sword (weapon)
Armour
 c - a +0 leather armour
 g - a cursed +0 plate armour (worn)
Jewellery
 j - a ring of protection from fire (left hand)
 n - a ring of protection from fire (right hand)
Scrolls
 e - a scroll of remove curse {unknown}
 i - 2 scrolls of identify {unknown}
 k - a scroll of teleportation {unknown}
 m - a scroll of magic mapping {unknown}
 p - a scroll of immolation {unknown}
 r - a scroll of amnesia {unknown}
Potions
 h - a potion of degeneration {unknown}
 l - a potion of heal wounds
 o - a potion of curing {unknown}
Comestibles
 f - a meat ration
 s - a royal jelly


   Skills:
 - Level 2.1 Fighting
 + Level 8.6 Crossbows
 - Level 2.4 Dodging
 - Level 1.3 Stealth


You had 5 spell levels left.
You didn't know any spells.

Dungeon Overview and Level Annotations

Branches:
Dungeon (3/15)

Altars:
Gozag


Innate Abilities, Weirdness & Mutations

You are small and have problems with some larger weapons.
You are carnivorous and can eat meat at any time.


Message History

The worm is moderately wounded.
The worm barely misses you.
You hit the worm.
The worm is moderately wounded.
You hit the worm.
The worm is severely wounded.
The worm bites you but does no damage.
You hit the worm.
The worm is severely wounded.
The worm bites you.
* * * LOW HITPOINT WARNING * * *
You hit the worm but do no damage.
The worm is severely wounded.
You hit the worm.
The worm is almost dead.
The worm bites you but does no damage.
Your plate armour prevents you from hitting the worm.
The worm is almost dead.
The worm bites you!
You die...

##.## #### #.# ..# #.# #.# #%#
############### ##
###.#######.####......#......###.
#...................#.#.####.##.#
#.#.#######.####<##.#.#.# #.###.
#.#.# ##...###.##.#.#.## #.# #.
#.#.# #.....##@##......# #.# #.
....# ##...###w####.#..# #.# #.
#.### ##.## #.# #W#..###.# #. ..#
#.# #.####.#......# #. .## #.#
#......##.##### #. .# ##'##
#.....>...# #. .#
##...###.........# #. .##
##.....##((.......# ## ..##
##......)#.........#


You could see a worm.

Vanquished Creatures
  The ghost of emsyzz the Chopper, an amateur HOMo (D:3)
  A phantom (D:3)
  3 adders (D:3)
  2 dart slugs (D:2)
  2 leopard geckos
  4 bats (D:2)
  A giant cockroach (D:1)
  5 goblins
  6 hobgoblins
  6 jackals (D:2)
  A ball python (D:1)
  3 frilled lizards
  4 kobolds
  5 rats
44 creatures vanquished.

Notes
Turn   | Place    | Note
-------+----------+-------------------------------------------
     0 | D:1      | Laan the Kobold Hunter began the quest for the Orb.
     0 | D:1      | Reached XP level 1. HP: 12/12 MP: 1/1
   114 | D:1      | Reached skill level 5 in Crossbows
   283 | D:1      | Reached XP level 2. HP: 17/17 MP: 2/2
   681 | D:2      | Reached XP level 3. HP: 21/21 MP: 3/3
   687 | D:2      | Reached skill level 6 in Crossbows
   747 | D:2      | Found a faded altar of an unknown god.
  1384 | D:3      | Reached XP level 4. HP: 26/26 MP: 4/4
  1389 | D:3      | Noticed emsyzz's ghost (amateur HOMo)
  1407 | D:3      | Killed emsyzz's ghost
  1407 | D:3      | Reached skill level 7 in Crossbows
  1407 | D:3      | Reached XP level 5. HP: 11/30 MP: 5/5
  1761 | D:3      | Found an opulent altar of Gozag.
  2074 | D:3      | Noticed a phantom
  2195 | D:3      | Killed a phantom
  2195 | D:3      | Reached skill level 8 in Crossbows
  2195 | D:3      | Reached XP level 6. HP: 16/35 MP: 6/6
  2263 | D:3      | Slain by a worm

Vault maps used:
D:1:      dpeg_arrival_connections
D:2:      chequers_ecumenical_altar_simple
D:3:      first_bread, nicolae_gozag_seed_capital, uniq_sigmund

Skill      XL: |  1  2  3  4  5 |
---------------+----------------+-----
Crossbows      | 5 6 7 8 |  8.6
Fighting       | |  2.1
Dodging        | |  2.4
Stealth        | |  1.3

Action                   |  1- 3 |  4- 6 || total
-------------------------+-------+-------++-------
Melee: Short sword       |    10 |    66 ||    76
       Hand crossbow     |       |     3 ||     3
 Fire: Hand crossbow     |    86 |    57 ||   143
  Use: Potion            |       |     1 ||     1
  Eat: Chunk             |    10 |     2 ||    12
Armor: Plate armour      |    50 |    34 ||    84
Dodge: Dodged            |     6 |    11 ||    17
